 Dungeon Crawl Stone Soup version 0.31.0-12-g77e489cdc1 (webtiles) character file.

Game seed: 11705127060717136474

25 Killerpretzel the Changeling (level 3, -1/23 HPs)
             Began as an Octopode Shapeshifter on Feb 27, 2024.
             Slain by a quokka (3 damage)
             ... on level 1 of the Dungeon.
             The game lasted 00:00:36 (231 turns).

Killerpretzel the Changeling (Octopode Shapeshifter) Turns: 231, Time: 00:00:36

Health: -1/23      AC:  1    Str: 13    XL:     3   Next: 4%
Magic:  3/3        EV: 13    Int: 12    God:
Gold:   17         SH:  0    Dex: 13    Spells: 2/2 levels left

rFire   . .          .
                       - Unarmed
rCold   . . .        (no shield)
rNeg    . . .        (helmet currently unavailable)
rPois   .            (no amulet)
rElec   .            (no ring)
rCorr   .            (no ring)
SInv    .            (no ring)
Will    .....        (no ring)
Stlth   ++           (no ring)
HPRegen 0.23/turn    (no ring)
MPRegen 0.08/turn    (no ring)
                     (no ring)

%: no passive effects
@: beast-form
A: beast (slay +1), almost no armour, amphibious, 8 rings, camouflage 1,
gelatinous body 1, (nimble swimmer 1), tentacles
a: Begin Untransformation


You were on level 1 of the Dungeon.
You were a hulking beast.
You visited 1 branch of the dungeon, and saw 1 of its levels.

You collected 17 gold pieces.

Inventory:

Talismans
 b - a beast talisman
 c - a flux talisman
Scrolls
 d - a scroll of noise {unknown}
 g - a scroll of immolation {unknown}
Potions
 a - a potion of lignification
 e - a potion of magic {unknown}
 f - a potion of heal wounds {unknown}


   Skills:
 + Level 1.5 Fighting
 + Level 2.3 Dodging
 + Level 3.2 Unarmed Combat
 * Level 3.3 Shapeshifting


You had 2 spell levels left.
You didn't know any spells.
Your spell library was empty.

Dungeon Overview and Level Annotations

Branches:
Dungeon (1/15)

Altars:


Innate Abilities, Weirdness & Mutations

You are a hulking beast.
Your limbs bulge with bestial killing power. (Slay +1)
You cannot wear most types of armour.
You are amphibious.
You can wear up to eight rings at the same time.
Your skin changes colour to match your surroundings (Stealth+).
Your rubbery body absorbs attacks. (AC +1, EV +1)
((You are camouflaged when in or above water. (Stealth+)))
You have tentacles for arms and can constrict up to eight enemies at once.


Message History

The jackal bites you but does no damage.
The jackal closely misses you. The quokka closely misses you.
The jackal closely misses you. x2; The jackal misses you.
You tentacle-slap the jackal.
The jackal is severely wounded.
You constrict the jackal, but do no damage.
The bat barely misses you. The quokka bites you. The jackal misses you.
The bat hits you. The jackal barely misses you. x2
You tentacle-slap the jackal.
You kill the jackal!
The bat closely misses you. The jackal bites you.
* * * LOW HITPOINT WARNING * * *
The quokka bites you.
* * * LOW HITPOINT WARNING * * *
The jackal closely misses you. x2
You tentacle-slap the jackal but do no damage.
You grab the jackal. You squeeze the jackal!
You kill the jackal!
The quokka barely misses you. The jackal misses you. The bat hits you.
* * * LOW HITPOINT WARNING * * *
The quokka closely misses you.
You have reached level 3!
Your experience leads to an increase in your attributes!
Increase (S)trength, (I)ntelligence, or (D)exterity?
You feel agile. x2
You tentacle-slap the jackal. You grab the jackal.
You squeeze the jackal, but do no damage.
The jackal is severely wounded.
You constrict the jackal. The bat closely misses you.
The jackal barely misses you.
The quokka bites you but does no damage.
You tentacle-slap the jackal.
You kill the jackal!
The bat hits you.
* * * LOW HITPOINT WARNING * * *
The quokka barely misses you. The bat misses you.
The quokka twitches its whiskers.
The quokka bites you.
You die...

.# ### ## .#. .. ..#.#.
#.
######......#.##########
.........#.............#
.........##.##..###.##.#
.........##.#.......##..
......rh....#.#..#######
........#####.##..######
......b.......###...†...
...$.....############.##
.......... ........##
######...## #######...
#...# .......... #...#
.######### #.$.#


You could see a quokka and a bat.

Vanquished Creatures
  An endoplasm (D:1)
  2 giant cockroaches (D:1)
  2 goblins (D:1)
  13 jackals (D:1)
18 creatures vanquished.

Notes
Turn   | Place    | Note
-------+----------+-------------------------------------------
     0 | D:1      | Killerpretzel the Octopode Shapeshifter began the quest for
                  | the Orb.
     0 | D:1      | Reached XP level 1. HP: 13/13 MP: 1/1
    66 | D:1      | Reached XP level 2. HP: 12/18 MP: 2/2
   229 | D:1      | Reached XP level 3. HP: 2/23 MP: 3/3
   231 | D:1      | Slain by a quokka

Illustrated notes

Levels and vault maps discovered:
D:1:      dpeg_arrival_simpleton_b, layout_basic

Action                     || total
---------------------------++-------
  Melee: Unarmed           ||    40
         Constrict         ||    14
         Tentacles         ||     8
         Punch             ||     2
   Stab: Sleeping          ||     2
 Armour: Skin              ||    28
  Dodge: Dodged            ||    61
